 Dungeon Crawl Stone Soup version 0.29-a0-474-gdfe5cd140f (webtiles) character file.

Game seed: 15498236575600287933

49 xian the Covered (level 3, 0/33 HPs)
             Began as a Minotaur Fighter on May 23, 2022.
             Succumbed to an adder's poison
             ... on level 2 of the Dungeon.
             The game lasted 00:04:48 (1764 turns).

xian the Covered (Minotaur Fighter)                 Turns: 1764, Time: 00:04:49

Health: 0/33       AC:  7    Str: 22    XL:     3   Next: 53%
Magic:  2/2        EV:  9    Int:  5    God:
Gold:   109        SH:  4    Dex:  9    Spells: 2/2 levels left

rFire   + + .      SeeInvis .   a - +0 long sword
rCold   x x .      Faith    .   c - +0 buckler
rNeg    . . .      Spirit   .   b - +0 scale mail
rPois   .          Reflect  .   (helmet restricted)
rElec   .          Harm     .   (no cloak)
rCorr   .          Rampage  .   (no gloves)
Will    .....                   (no boots)
Stlth   ..........              (no amulet)
HPRegen 0.11/turn               h - ring of fire
MPRegen 0.08/turn               l - ring of fire

@: lethally poisoned (0 -> -1)
A: horns 2, retaliatory headbutt
a: no special abilities


You were on level 2 of the Dungeon.
You visited 1 branch of the dungeon, and saw 2 of its levels.

You collected 109 gold pieces.

Inventory:

Hand Weapons
 a - a +0 long sword (weapon)
Missiles
 p - 3 atropa-tipped darts (quivered)
Armour
 b - a +0 scale mail (worn)
 c - a +0 buckler (worn)
Jewellery
 h - a ring of fire (left hand)
 l - a ring of fire (right hand)
Scrolls
 g - a scroll of enchant weapon {unknown}
 k - a scroll of blinking {unknown}
 o - a scroll of fog {unknown}
 r - a scroll of noise {unknown}
 s - a scroll of teleportation {unknown}
Potions
 d - 2 potions of might
 e - a potion of mutation {unknown}
 f - a potion of curing {unknown}
 i - a potion of berserk rage {unknown}
 j - 2 potions of heal wounds {unknown}
 m - a potion of flight {unknown}
 n - a potion of lignification {unknown}
 q - a potion of brilliance {unknown}


   Skills:
 + Level 4.0 Fighting
 + Level 3.2 Long Blades
 + Level 4.5 Armour
 + Level 4.0 Shields


You had 2 spell levels left.
You didn't know any spells.
Your spell library was empty.

Dungeon Overview and Level Annotations

Branches:
Dungeon (2/15)

Altars:

Shops:
D:1 [


Innate Abilities, Weirdness & Mutations

You have a pair of horns on your head.
You reflexively headbutt those who attack you in melee.


Message History

You are more poisoned.
The adder poisons you! The adder attacks as you move away!
The adder bites you but does no damage.
You feel sick. The adder barely misses you. You furiously retaliate!
You headbutt the adder!
You kill the adder!
There is an open door here.
You are too injured to fight recklessly!
Throw: 5 darts (atropa)
Press: ? - help, Q - select action Shift-Dir - straight line, f - kobold
Aim: a kobold, wielding a +0 short sword (47% to hit, chance to blind on hit: 100%)
You throw an atropa-tipped dart.
The atropa-tipped dart closely misses the kobold.
You feel very sick. You block the hobgoblin's attack.
There are monsters nearby!
Okay, then.
Throw: 4 darts (atropa)
Press: ? - help, Q - select action Shift-Dir - straight line, f/p - kobold
Aim: a kobold, wielding a +0 short sword (47% to hit, chance to blind on hit: 100%)
You throw an atropa-tipped dart.
The atropa-tipped dart closely misses the hobgoblin.
The atropa-tipped dart barely misses the kobold.
You feel sick. The hobgoblin hits you.
* * * LOW HITPOINT WARNING * * *
Unknown command.
The hobgoblin attacks as you move away!
The hobgoblin hits you but does no damage.
* * * LOW HITPOINT WARNING * * *
You feel sick.
You closely miss the hobgoblin.
* * * LOW HITPOINT WARNING * * *
You feel sick.
The hobgoblin hits you but does no damage.
You closely miss the hobgoblin.
* * * LOW HITPOINT WARNING * * *
You feel sick. The hobgoblin hits you.
* * * LOW HITPOINT WARNING * * *
You hit the hobgoblin but do no damage.
You die...

############# ### #.# #.# .#..###
# # #.# #.# ....#.### ..##.## #.#
#.# ##.#..#.###....#. #.# #.#
#'#.#..#.###.w..## #.# #.#
##.###.#..#.###..w# #.# #.#
##...###.#..#.###K# #.# #.#
####...###.#..#.#g####.#####.#
##.###...###....@.#..........#
##...##..##.#..#.##.####.#.###
####....##.#..#.###.###.###.#####
##.##..##)#..#.## ##...## ##.....
##...†##.#..#.## #.##.###.#.###
###..##.#..#.## #.###.#.##.#
##..##.#..#.## #.# ##.###.#
##.##.#..#.## #.# #.# #.#
.###.#..#.## ##.####.# #.#


You could see a dart slug, a hobgoblin and a kobold.

Vanquished Creatures
  2 adders (D:2)
  2 dart slugs
  A bat (D:2)
  5 endoplasms
  A goblin (D:1)
  3 hobgoblins
  2 jackals (D:2)
  3 kobolds
  3 ball pythons
  A frilled lizard (D:1)
  2 rats (D:1)
25 creatures vanquished.

Notes
Turn   | Place    | Note
-------+----------+-------------------------------------------
     0 | D:1      | xian the Minotaur Fighter began the quest for the Orb.
     0 | D:1      | Reached XP level 1. HP: 19/19 MP: 0/0
   105 | D:1      | Found a faded altar of an unknown god.
   247 | D:1      | Found Zodwedap's Armour Emporium.
   596 | D:1      | Reached XP level 2. HP: 27/27 MP: 1/1
  1514 | D:2      | Reached XP level 3. HP: 33/33 MP: 2/2
  1763 | D:2      | HP: 1/33 [hobgoblin (1)]
  1764 | D:2      | Succumbed to an adder's poison

Illustrated notes

Levels and vault maps discovered:
D:1:      dpeg_arrival_refuge, layout_basic, chequers_ecumenical_altar_island,
          serial_glass, glass_columns_b, glass_columns_c, feat_on_display,
          item_on_display_a, serial_shops, nicolae_shop_hallway_plus
D:2:      minmay_razor_zed, layout_loops_ring, chequers_serial_rivers_micro_c

Skill      XL: |  1  2  3 |
---------------+----------+-----
Armour         | 4 |  4.5
Shields        | 4 |  4.0
Long Blades    | 3 |  3.2
Fighting       | 4 |  4.0

Action                   || total
-------------------------++-------
Melee: Long sword        ||    62
       Headbutt          ||     5
Throw: Dart              ||     2
Armor: Scale mail        ||    30
Dodge: Dodged            ||    21
Block: Buckler           ||    12

Table legend: (Time is in decaauts)
 A = Elapsed time spent in this place.
 B = Non-inter-level travel time spent in this place.
 C = Inter-level travel time spent in this place.
 D = Time resting spent in this place.
 E = Time spent auto-exploring this place.
 F = Levels seen in this place.
 G = Mean time per level.
                   A        B        C        D        E       F      G
               +--------+--------+--------+--------+--------+-----+--------+
         Total |   1785 |   1785 |      0 |      0 |   1441 |   2 |  892.5 |
       Dungeon |   1785 |   1785 |      0 |      0 |   1441 |   2 |  892.5 |
               +--------+--------+--------+--------+--------+-----+--------+

Top non-repeatable levels by time:
     D:1: 915 daAuts
     D:2: 870 daAuts
